 Dungeon Crawl Stone Soup version 0.30-a0-394-g3e4acdb0ae (webtiles) character file.

Game seed: 14213293629655264849

143 NinjaNoafa the Shooter (level 5, -1/42 HPs)
             Began as a Barachi Hunter on Dec 6, 2022.
             Slain by Grinder (9 damage)
             ... on level 4 of the Dungeon.
             The game lasted 00:03:49 (2447 turns).

NinjaNoafa the Shooter (Barachi Hunter)             Turns: 2447, Time: 00:03:49

Health: -1/42      AC:  3    Str: 12    XL:     5   Next: 25%
Magic:  5/5        EV: 13    Int:  5    God:
Gold:   140        SH:  0    Dex: 17    Spells: 4/4 levels left

rFire   . . .      SeeInvis .    b - +7 short sword of Fedhas's Esteem {venom, rElec Will- rCorr Int-5}
rCold   . . .      Faith    .    (no shield)
rNeg    . . .      Spirit   .    c - +0 leather armour
rPois   .          Reflect  .    (no helmet)
rElec   +          Harm     .    (no cloak)
rCorr   +          Rampage  .    (no gloves)
Will    .....                    (no boots)
Stlth   ++........               (no amulet)
HPRegen 0.27/turn                (no ring)
MPRegen 0.09/turn                (no ring)

@: slow
A: amphibious, slowness 1, strong legs 1, +LOS
a: Hop


You were on level 4 of the Dungeon.
You visited 1 branch of the dungeon, and saw 4 of its levels.

You collected 140 gold pieces.

Inventory:

Hand Weapons
 a - a +0 shortbow
 b - the +7 short sword of Fedhas's Esteem (weapon) {venom, rElec Will- rCorr Int-5}
   (You found it on level 3 of the Dungeon)

   It poisons the flesh of those it strikes.
   Int:       It affects your intelligence (-5).
   rElec:     It insulates you from electricity.
   rCorr:     It protects you from acid and corrosion.
   Will:      It decreases your willpower.
Missiles
 f - 39 stones
 n - 5 curare-tipped darts
 o - 3 poisoned darts
Armour
 c - a +0 leather armour (worn)
Scrolls
 d - 3 scrolls of fear {unknown}
 e - 5 scrolls of identify {unknown}
 h - 3 scrolls of teleportation {unknown}
 i - a scroll of amnesia {unknown}
 j - a scroll of summoning {unknown}
 q - a scroll of blinking {unknown}
 t - 2 scrolls of immolation
 v - a scroll of poison {unknown}
Potions
 g - a potion of curing {unknown}
 k - a potion of flight {unknown}
 l - a potion of invisibility {unknown}
 m - a potion of resistance {unknown}
 p - a potion of heal wounds {unknown}
 r - a potion of mutation {unknown}
 s - a potion of berserk rage {unknown}
 u - a potion of lignification {unknown}


   Skills:
 + Level 3.8 Fighting
 + Level 4.6 Ranged Weapons
 + Level 2.7 Armour
 + Level 3.3 Dodging
 - Level 0.8 Stealth


You had 4 spell levels left.
You didn't know any spells.
Your spell library contained the following spells:

 Spells                   Type           Power      Damage    Failure   Level
 Magic Dart               Conj           0%         1d3       56%         1
 Necrotise                Necr           0%         1d4       56%         1
 Sandblast                Erth           0%         2d4       56%         1
 Ensorcelled Hibernation  Hex/Ice        0%         N/A       71%         2
 Passwall                 Tmut/Erth      0%         N/A       71%         2
 Searing Ray              Conj           0%         2d4       71%         2
 Portal Projectile        Hex/Tloc       0%         N/A       90%         3
 Stone Arrow              Conj/Erth      0%         3d7       90%         3
 Swiftness                Air            0%         N/A       90%         3
 Tukima's Dance           Hex            0%         N/A       90%         3
 Vampiric Draining        Necr           0%         2d6       90%         3
 Fulminant Prism          Conj/Hex       0%         3d5       100%        4
 Agony                    Necr           0%         N/A       100%        5
 Blade Hands              Tmut           0%         N/A       100%        5


Dungeon Overview and Level Annotations

Branches:
Dungeon (4/15)
 Temple: D:4-7

Altars:
Fedhas
Makhleb
Okawaru
Wu Jian
Xom

Annotations:
D:4 Grinder


Innate Abilities, Weirdness & Mutations

You are amphibious.
You cover ground slowly.
You can hop short distances.
You have an extended range of vision and can be seen from far away.


Message History

You feel stupid.
The +7 short sword of Fedhas's Esteem {venom, rElec Will- rCorr Int-5} begins to drip with poison!
b - the +7 short sword of Fedhas's Esteem (weapon)
{venom, rElec Will- rCorr Int-5} You closely miss Grinder.
Grinder is lightly wounded.
Grinder hits you.
You writhe in agony.
You hit Grinder.
Grinder is moderately wounded.
Grinder blinks!
An orc comes into view. It is wielding a +0 hand axe.
Grinder says, "Mostly I couldn't keep them alive."
Grinder gestures at you. Pain shoots through your body!
The orc shouts!
Grinder blinks!
A ball python comes into view.
Grinder gestures at you.
You suddenly lose the ability to move!
Grinder blinks!
You can move again.
Okay, then.
Okay, then.
You hear the slow rusting of a drain nearby.
Grinder gestures at you. Pain shoots through your body!
You closely miss Grinder.
Grinder is moderately wounded.
Grinder hits you.
You writhe in agony.
You puncture Grinder!
Grinder looks as sick as possible!
Grinder is heavily wounded.
A ball python comes into view.
The orc hits you with a +0 hand axe. Grinder gestures at you.
Pain shoots through your body!
* * * LOW HITPOINT WARNING * * *
The ball python hisses angrily.
You hit Grinder.
Grinder is severely wounded.
The orc completely misses you. Grinder hits you!
You die...

...... #..S.. .#
#..... .#
#.?...##### ..#
#.........######..#
+.........#.......#
...........####.#
###.5o..#......#
#..@..#..#>.##
#.....#..#..#
#.....#^.#..#
#.#####..#..# #.
#..#..######## #.
#..#.........# #
#..#.#######.#
#..#.# #<# #.# ###


You could see Grinder (extremely poisoned), an orc and a ball python.

Vanquished Creatures
  Natasha (twice) (D:2)
  Robin (D:2)
  2 adders (D:2)
  2 dart slugs
  5 bats
  3 endoplasms
  4 giant cockroaches (D:2)
  9 goblins
  10 hobgoblins
  2 quokkas
  2 ball pythons (D:2)
  4 frilled lizards
  4 kobolds
  8 rats
58 creatures vanquished.

Notes
Turn   | Place    | Note
-------+----------+-------------------------------------------
     0 | D:1      | NinjaNoafa the Barachi Hunter began the quest for the Orb.
     0 | D:1      | Reached XP level 1. HP: 17/17 MP: 1/1
   166 | D:1      | Reached XP level 2. HP: 23/23 MP: 2/2
   198 | D:1      | Reached skill level 1 in Armour
   892 | D:2      | Reached XP level 3. HP: 28/28 MP: 3/3
  1023 | D:2      | Found a faded altar of an unknown god.
  1131 | D:2      | Noticed Robin
  1132 | D:2      | Reached XP level 4. HP: 33/35 MP: 4/4
  1163 | D:2      | Killed Robin
  1355 | D:2      | Noticed Natasha
  1368 | D:2      | Killed Natasha
  1683 | D:2      | Noticed Natasha
  1685 | D:2      | Killed Natasha
  1686 | D:2      | Reached XP level 5. HP: 42/42 MP: 5/5
  2052 | D:3      | Found a burning altar of Makhleb.
  2057 | D:3      | Found a shimmering altar of Xom.
  2057 | D:3      | Found an ornate altar of the Wu Jian Council.
  2057 | D:3      | Found a blossoming altar of Fedhas.
  2063 | D:3      | Found an iron altar of Okawaru.
  2257 | D:3      | Identified the +7 short sword of Fedhas's Esteem {venom,
                  | rElec Will- rCorr Int-5}
  2430 | D:4      | Noticed Grinder
  2434 | D:4      | Paralysed by Grinder for 2 turns
  2441 | D:4      | Paralysed by Grinder for 3 turns
  2447 | D:4      | Slain by Grinder

Illustrated notes

Levels and vault maps discovered:
D:1:      heliophobic_arrival_henge, layout_basic, serial_glass,
          glass_columns_c, glass_columns_a, glass_columns_a, glass_columns_b,
          glass_columns_c
D:2:      layout_loops_ring, shapermc_ecumenical_altar_mp_highgroup,
          kennysheep_generic_room_16, uniq_robin, uniq_natasha
D:3:      layout_loops_ring, minitemple
D:4:      layout_basic, gup_sewer_entry_bubbles, uniq_pikel, uniq_sigmund,
          uniq_grinder

Skill      XL: |  1  2  3  4 |
---------------+-------------+-----
Armour         | 1 2 |  2.7
Fighting       | 3 |  3.8
Dodging        | 3 |  3.3
Ranged Weapons | |  4.6
Stealth        | |  0.8

Action                   |  1- 3 |  4- 6 || total
-------------------------+-------+-------++-------
Melee: Short sword       |       |     8 ||     8
 Fire: Shortbow          |    78 |    74 ||   152
 Abil: Hop               |       |     2 ||     2
Armor: Leather armour    |    12 |     6 ||    18
Dodge: Dodged            |    15 |    31 ||    46

Table legend: (Time is in decaauts)
 A = Elapsed time spent in this place.
 B = Non-inter-level travel time spent in this place.
 C = Inter-level travel time spent in this place.
 D = Time resting spent in this place.
 E = Time spent auto-exploring this place.
 F = Levels seen in this place.
 G = Mean time per level.
                   A        B        C        D        E       F      G
               +--------+--------+--------+--------+--------+-----+--------+
         Total |   2902 |   2774 |    128 |      0 |   2331 |   4 |  725.5 |
       Dungeon |   2902 |   2774 |    128 |      0 |   2331 |   4 |  725.5 |
               +--------+--------+--------+--------+--------+-----+--------+

Top non-repeatable levels by time:
     D:2: 1133 daAuts
     D:1: 1046 daAuts
     D:3: 669 daAuts
     D:4: 53 daAuts
